 Dungeon Crawl Stone Soup version 0.27-a0-1200-g94dc6ad4cf (webtiles) character file.

Game seed: 11032518871877258282

7597 robertstho the Spear-Bearer (level 10, -7/102 HPs)
             Began as a Troll Berserker on June 1, 2021.
             Was an Elder of Trog.
             Mangled by Snorg (8 damage)
             ... on level 10 of the Dungeon.
             The game lasted 00:10:02 (7739 turns).

robertstho the Spear-Bearer (Troll Berserker)       Turns: 7739, Time: 00:10:02

Health: -7/102     AC: 12    Str: 28    XL:     10   Next: 97%
Magic:  0/9        EV: 10    Int:  5    God:    Trog [****..]
Gold:   385        SH:  0    Dex: 12    Spells: 9/9 levels left

rFire    . . .     SeeInvis +   c - +8 bardiche "Opidwah" {drain, rPois rC+ Dex+3}
rCold    + . .     Faith    .   (shield currently unavailable)
rNeg     . . .     Spirit   +   w - +0 swamp dragon scales
rPois    +         Reflect  .   D - +2 hood of the Assassin {Detection Stab+ Stlth++}
rElec    .         Harm     .   (no cloak)
rCorr    .         Rampage  .   (gloves unavailable)
Will     +....                  (boots unavailable)
Stlth    +++.......             l - amulet of guardian spirit
HPRegen  1.27/turn              e - ring of willpower
MPRegen  0.11/turn              v - ring of see invisible

@: no status effects
A: large, unfitting armour, claws 3, regeneration 1, shaggy fur 1, tough skin 1
a: Renounce Religion, Berserk, Trog's Hand, Brothers in Arms


You were on level 10 of the Dungeon.
You worshipped Trog.
Trog was greatly pleased with you.
You visited 1 branch of the dungeon, and saw 10 of its levels.
You also visited: Sewer.

You collected 385 gold pieces.

Inventory:

Hand Weapons
 c - the +8 bardiche "Opidwah" (weapon) {drain, rPois rC+ Dex+3}
   (You acquired it on level 2 of the Dungeon)

   A truly terrible weapon, it drains the life of those it strikes.
   It affects your dexterity (+3).
   It protects you from cold.
   It protects you from poison.
 k - a +1 dire flail of draining
Missiles
 C - 5 large rocks
 E - 2 atropa-tipped darts
 F - a curare-tipped dart
Armour
 h - a +0 robe of positive energy
 w - +0 swamp dragon scales (worn)
 D - the +2 hood of the Assassin (worn) {Detection Stab+ Stlth++}
   (You found it on level 6 of the Dungeon)

   It makes you much more stealthy.
Jewellery
 e - a ring of willpower (left claw)
 l - an amulet of guardian spirit (around neck)
 v - a ring of see invisible (right claw)
 x - a ring of positive energy
Wands
 i - a wand of iceblast (17)
 j - a wand of flame (7)
 K - a wand of paralysis (7)
Scrolls
 a - a scroll of fog {unknown}
 b - 2 scrolls of enchant weapon {unknown}
 g - a scroll of amnesia {unknown}
 m - a scroll of silence {unknown}
 p - 2 scrolls of blinking {unknown}
 q - 6 scrolls of teleportation {unknown}
 r - 2 scrolls of magic mapping {unknown}
 t - 2 scrolls of summoning {unknown}
 y - 3 scrolls of identify
 B - 2 scrolls of fear {unknown}
 G - 2 scrolls of holy word {unknown}
 H - 3 scrolls of immolation
 I - a scroll of vulnerability {unknown}
 M - a scroll of enchant armour {unknown}
Potions
 d - 6 potions of curing
 f - 2 potions of flight
 n - a potion of degeneration {unknown}
 o - 4 potions of heal wounds
 s - a potion of brilliance {unknown}
 u - a potion of lignification {unknown}
 z - 2 potions of invisibility {unknown}
 A - 3 potions of attraction {unknown}
 J - a potion of might {unknown}
 L - a potion of mutation {unknown}


   Skills:
 * Level 7.6 Fighting
 + Level 8.9 Polearms
 * Level 5.9 Armour
 + Level 4.8 Dodging
 + Level 5.8 Unarmed Combat


You had 9 spell levels left.
You didn't know any spells.
Your spell library was empty.

Dungeon Overview and Level Annotations

Branches:
Dungeon (10/15)            Temple (0/1) D:5            Lair (0/6) D:9
  Sewer (visited)
    Orc: D:9-12

Altars:
Sif Muna
Vehumet
Wu Jian
Zin
The Shining One
Beogh

Shops:
D:2 [   D:7 (

Annotations:
D:2 720 robe
D:9 Prince Ribbit
D:10 Snorg


Innate Abilities, Weirdness & Mutations

You are too large for most types of armour.
You have claws for hands.
Your natural rate of healing is unusually fast.
You are covered in fur. (AC +1)
You have tough skin. (AC +1)


Message History

Snorg rages.
The yak gores you.
You slice the yak!!
You kill the yak!
Trog accepts your kill. Snorg bites you! Snorg claws you!
Snorg claws you but does no damage.
You closely miss Snorg. Snorg bites you! Snorg claws you but does no damage.
Snorg claws you! Snorg bites you! Snorg claws you but does no damage.
Snorg claws you.
You are too injured to fight recklessly!
You are too injured to fight recklessly!
You are too injured to fight recklessly!
You are too injured to fight recklessly!
You are too injured to fight recklessly!
You are too injured to fight recklessly!
You are too injured to fight recklessly!
You are too injured to fight recklessly!
You are too injured to fight recklessly!
You are too injured to fight recklessly!
You are too injured to fight recklessly!
You are too injured to fight recklessly!
You are too injured to fight recklessly!
You are too injured to fight recklessly!
You are too injured to fight recklessly!
You are too injured to fight recklessly!
You are too injured to fight recklessly!
You are too injured to fight recklessly!
You are too injured to fight recklessly!
You are too injured to fight recklessly!
Unknown command.
Your two-headed ogre goes berserk!
Trog will no longer gift you weapons. Snorg bites you!!
* * * LOW HITPOINT WARNING * * *
Snorg claws you.
* * * LOW HITPOINT WARNING * * *
Snorg claws you!
* * * LOW HITPOINT WARNING * * *
Snorg bites you!
You die...

### ..# #.#
##########.#
.........#.#
#.....##.##########
#..>..<.....O.@TYY#
#......#.########l.#
#.#.....$.. o{ ... #
#.#.##.### #
#.#....# #.###### #.


You could see Snorg (berserk, ally target), a komodo dragon, 2 yaks and a
friendly two-headed ogre (summoned, berserk).

Vanquished Creatures
  Maggie (D:6)
  Psyche (D:9)
  A troll (D:6)
  A hornet (D:8)
  4 wyverns
  Sigmund (D:2)
  A basilisk (D:9)
  11 yaks
  Edmund (D:4)
  4 water moccasins (D:9)
  A black bear (D:7)
  A sky beast (D:6)
  5 orc warriors
  2 necrophages
  An ogre (D:5)
  2 centaurs
  2 kobold brigands (D:7)
  2 phantoms (D:5)
  2 bullfrogs (D:9)
  3 scorpions
  2 water moccasin skeletons
  4 killer bees
  4 howler monkeys (D:8)
  An electric eel (D:9)
  4 centaur zombies
  2 jellies (D:7)
  5 hounds
  An orc priest (D:6)
  A centaur skeleton (D:6)
  A gnoll shaman (D:7)
  A bullfrog skeleton (D:7)
  7 orc wizards
  2 iguanas
  A scorpion zombie (D:5)
  4 killer bee zombies
  A hound skeleton (D:5)
  2 howler monkey zombies
  4 gnolls
  5 adders
  A river rat (Sewer)
  An ufetubus (D:5)
  A worm (D:4)
  A dart slug (D:2)
  28 orcs
  4 bats
  6 endoplasms
  6 giant cockroaches
  7 goblins
  12 hobgoblins
  7 jackals
  19 kobolds
  11 quokkas
  10 ball pythons
  13 frilled lizards
  8 rats
234 creatures vanquished.

Vanquished Creatures (collateral kills)
  The ghost of ZappyNine the Shield-Bearer, a novice DrFi of Ashenzari (D:6)
  A yak (D:8)
  A water moccasin (D:8)
  An orc warrior (D:6)
  An orc priest (D:6)
  3 orcs (D:6)
8 creatures vanquished.

Vanquished Creatures (others)
  A fungus (D:9)
  14 plants (D:9)
15 creatures vanquished.

Grand Total: 257 creatures vanquished

Notes
Turn   | Place    | Note
-------+----------+-------------------------------------------
     0 | D:1      | robertstho the Troll Berserker began the quest for the Orb.
     0 | D:1      | Reached XP level 1. HP: 22/22 MP: 0/0
    99 | D:1      | Reached XP level 2. HP: 29/29 MP: 1/1
   673 | D:1      | Reached ** piety under Trog
   674 | D:1      | Reached XP level 3. HP: 32/36 MP: 2/2
   882 | D:2      | Found Hozifoas's Armour Boutique.
   958 | D:2      | Noticed Sigmund
   968 | D:2      | Killed Sigmund
   969 | D:2      | Reached skill level 5 in Unarmed Combat
   969 | D:2      | Reached XP level 4. HP: 45/45 MP: 3/3
   969 | D:2      | Reached XP level 5. HP: 53/53 MP: 4/4
  1285 | D:2      | Identified a scroll of acquirement
  1287 | D:2      | Acquired the +8 bardiche "Opidwah" {drain, rPois rC+ Dex+3}
  1395 | D:3      | Reached *** piety under Trog
  1619 | D:3      | Found a faded altar of an unknown god.
  1849 | D:3      | Found a radiant altar of Vehumet.
  1849 | D:3      | Found a glowing silver altar of Zin.
  2029 | D:4      | Reached XP level 6. HP: 61/61 MP: 5/5
  2116 | D:4      | Noticed Edmund
  2125 | D:4      | Killed Edmund
  2126 | D:4      | Reached skill level 1 in Polearms
  2407 | D:4      | Found a glowing drain.
  2419 | Sewer    | Entered a sewer
  2495 | Sewer    | Reached XP level 7. HP: 67/70 MP: 6/6
  2556 | Sewer    | Reached skill level 2 in Polearms
  2929 | D:4      | Reached **** piety under Trog
  3119 | D:5      | Entered Level 5 of the Dungeon
  3245 | D:5      | Reached skill level 3 in Polearms
  3315 | D:5      | Reached skill level 1 in Armour
  3363 | D:5      | Noticed a wyvern
  3368 | D:5      | Killed a wyvern
  3369 | D:5      | Reached skill level 4 in Polearms
  3369 | D:5      | Reached XP level 8. HP: 63/79 MP: 4/7
  3415 | D:5      | Found a staircase to the Ecumenical Temple.
  3616 | D:6      | Reached skill level 5 in Fighting
  3682 | D:6      | Noticed Maggie
  3691 | D:6      | Killed Maggie
  3692 | D:6      | Reached skill level 5 in Polearms
  3777 | D:6      | Noticed a troll
  3781 | D:6      | Killed a troll
  3782 | D:6      | Reached XP level 9. HP: 81/88 MP: 8/8
  3844 | D:6      | Noticed ZappyNine's ghost (novice DrFi)
  3844 | D:6      | Identified the +0 chain mail of the Thirteen Stories {rN+}
  3854 | D:6      | Found a runed translucent gate.
  3855 | D:6      | Found a runed translucent gate.
  3855 | D:6      | Found a runed translucent gate.
  3862 | D:6      | Found the +2 hood of the Assassin {Detection Stab+ Stlth++}
  4290 | D:6      | Killed ZappyNine's ghost
  4291 | D:6      | Reached skill level 6 in Polearms
  4730 | D:7      | Found Sink's Weapon Shop.
  5022 | D:7      | Reached skill level 7 in Polearms
  5527 | D:7      | Found a shimmering blue altar of Sif Muna.
  5689 | D:8      | Found a large runed translucent door.
  5690 | D:8      | Found a large runed translucent door.
  6162 | D:8      | Reached XP level 10. HP: 100/100 MP: 7/9
  6805 | D:8      | Found an ornate altar of the Wu Jian Council.
  6808 | D:8      | Found a glowing golden altar of the Shining One.
  6865 | D:9      | Found a staircase to the Lair.
  6923 | D:8      | Reached skill level 5 in Armour
  6927 | D:8      | Reached skill level 8 in Polearms
  7104 | D:9      | Noticed Psyche
  7116 | D:9      | Killed Psyche
  7269 | D:9      | Noticed Prince Ribbit
  7504 | D:9      | Reached ***** piety under Trog
  7711 | D:10     | Entered Level 10 of the Dungeon
  7731 | D:10     | Noticed Snorg
  7739 | D:10     | HP: 1/102 [Snorg (13)]
  7739 | D:10     | Mangled by Snorg

Illustrated notes

Levels and vault maps discovered:
D:1:      elethiomel_arrival_infinity_welcomes_careful_drivers,
          layout_loops_cross, supply_closet_lemuel
D:2:      layout_rooms, serial_shops, shop, grunt_decor_arrowhead, st_stairs_8,
          uniq_sigmund
D:3:      layout_loops_ring, gammafunk_temple_overflow_wave,
          hellmonk_ecumenical_altar_blasted
D:4:      layout_basic, gup_sewer_entry_pipe, kennysheep_generic_room_14,
          uniq_edmund
D:5:      layout_rooms, minmay_temple_entry_arrows
D:6:      layout_rooms, biasface_ghost_orc_armoury, nicolae_zen_rock_garden,
          lemuel_old_faithful, uniq_maggie
D:7:      layout_basic, lemuel_coloured_pillars_altar, serial_shops, shop
D:8:      layout_layer_cave, jmf_multi_god_temple2
D:9:      layout_grid_maze, minmay_lair_entry_grove, nicolae_water_bricks,
          uniq_psyche, uniq_prince_ribbit1
D:10:     layout_basic, nicolae_ru_awakened_eye, chequers_arboretum,
          uniq_nergalle, uniq_snorg

Skill      XL: |  1  2  3  4  5  6  7  8  9 10 |
---------------+-------------------------------+-----
Fighting       | 3 4 5 6 7 |  7.6
Dodging        | 3 4 |  4.8
Unarmed Combat | 5 |  5.8
Polearms       | 1 4 5 7 8 |  8.9
Armour         | 1 2 4 5 |  5.9

Action                   |  1- 3 |  4- 6 |  7- 9 | 10-12 || total
-------------------------+-------+-------+-------+-------++-------
Melee: Unarmed           |    77 |    47 |       |       ||   124
       Punch             |     1 |     1 |       |       ||     2
       Bardiche          |       |   116 |   213 |   105 ||   434
Invok: Berserk           |     1 |     2 |     3 |     2 ||     8
       Trog's Hand       |       |       |     1 |     1 ||     2
       Brothers in Arms  |       |       |     1 |     2 ||     3
  Use: Scroll            |       |     3 |     2 |       ||     5
 Stab: Sleeping          |     2 |     2 |     5 |     2 ||    11
Armor: Animal skin       |    19 |     3 |       |       ||    22
       Robe              |       |    95 |    49 |       ||   144
       Swamp dragon scal |       |       |    84 |    62 ||   146
Dodge: Dodged            |    25 |   170 |   155 |    63 ||   413

Table legend: (Time is in decaauts)
 A = Elapsed time spent in this place.
 B = Non-inter-level travel time spent in this place.
 C = Inter-level travel time spent in this place.
 D = Time resting spent in this place.
 E = Time spent auto-exploring this place.
 F = Levels seen in this place.
 G = Mean time per level.
                   A        B        C        D        E       F      G
               +--------+--------+--------+--------+--------+-----+--------+
         Total |   8186 |   7674 |    512 |    182 |   5859 |  11 |  744.2 |
       Dungeon |   7733 |   7221 |    512 |    182 |   5613 |  10 |  773.3 |
         Sewer |    453 |    453 |      0 |      0 |    245 |   1 |  453.0 |
               +--------+--------+--------+--------+--------+-----+--------+

Top non-repeatable levels by time:
     D:8: 1400 daAuts
     D:7: 1152 daAuts
     D:3: 862 daAuts
     D:6: 848 daAuts
     D:1: 792 daAuts
     D:4: 777 daAuts
     D:9: 772 daAuts
     D:5: 586 daAuts
     D:2: 504 daAuts
   Sewer: 453 daAuts
    D:10: 36 daAuts
